 Dungeon Crawl Stone Soup version 0.29.0-4-gdea44cf6ec (webtiles) character file.

Game seed: 16216981864235267899

3 qw the Vexing (level 1, -2/16 HPs)
             Began as an Ogre Enchanter on Sept 4, 2022.
             Slain by a hobgoblin (4 damage)
             ... on level 1 of the Dungeon.
             The game lasted 00:00:05 (189 turns).

qw the Vexing (Ogre Enchanter)                       Turns: 189, Time: 00:00:06

Health: -2/16      AC:  3    Str: 11    XL:     1   Next: 50%
Magic:  3/3        EV:  9    Int: 16    God:
Gold:   14         SH:  0    Dex:  9    Spells: 4/4 levels left

rFire   . . .      SeeInvis .   a - +1 dagger
rCold   . . .      Faith    .   (no shield)
rNeg    . . .      Spirit   .   b - +0 robe
rPois   .          Reflect  .   (helmet restricted)
rElec   .          Harm     .   (no cloak)
rCorr   .          Rampage  .   (gloves unavailable)
Will    .....                   (boots unavailable)
Stlth   ++........              (no amulet)
HPRegen 0.05/turn               (no ring)
MPRegen 0.08/turn               (no ring)

@: no status effects
A: large, unfitting armour, tough skin 1
a: no special abilities


You were on level 1 of the Dungeon.
You visited 1 branch of the dungeon, and saw 1 of its levels.

You collected 14 gold pieces.


Innate Abilities, Weirdness & Mutations

You are too large for most types of armour.
You have tough skin. (AC +1)


   Skills:
 - Level 0.8 Short Blades
 + Level 1.0 Axes
 - Level 1.7 Dodging
 - Level 2.1 Stealth
 - Level 2.4 Spellcasting
 - Level 2.6 Hexes


You had 4 spell levels left.
You didn't know any spells.
Your spell library contained the following spells:

 Spells                   Type           Power      Damage    Failure   Level
 Ensorcelled Hibernation  Hex/Ice        12%        N/A       17%         2
 Confusing Touch          Hex            10%        N/A       21%         3
 Tukima's Dance           Hex            10%        N/A       21%         3
 Dazzling Flash           Conj/Hex       12%        N/A       34%         3

Inventory:

Hand Weapons
 a - a +1 dagger (weapon)
Armour
 b - a +0 robe (worn)
Potions
 c - 2 potions of invisibility
 d - a potion of curing {unknown}

Dungeon Overview and Level Annotations

Branches:
Dungeon (1/15)

Altars:


Message History

d - a brown potion A rat comes into view.
You barely miss the rat. The rat closely misses you.
You hit the rat.
You kill the rat!
A hobgoblin and a ball python come into view.
The ball python hisses angrily.
Enter note:
178 ||| Stepping ~*~*~tactically~*~*~ (stealth).
You barely miss the ball python. The ball python bites you.
The hobgoblin shouts!
You hit the ball python but do no damage.
The ball python barely misses you.
You hit the ball python.
The ball python is severely wounded.
The ball python bites you.
You barely miss the ball python.
The ball python is severely wounded.
The ball python bites you.
You barely miss the ball python.
The ball python is severely wounded.
The ball python bites you but does no damage.
You barely miss the ball python.
The ball python is severely wounded.
The ball python bites you. x2
You hit the ball python.
You kill the ball python!
A frilled lizard comes into view.
Your Axes skill increases to level 1!
187 ||| Stepping ~*~*~tactically~*~*~ (stealth).
The hobgoblin attacks as you move away! The hobgoblin hits you.
The frilled lizard hisses angrily.
You hit the hobgoblin.
The hobgoblin is severely wounded.
You barely miss the hobgoblin.
The hobgoblin is severely wounded.
The hobgoblin hits you.
You die...

####.....>....
#.......[###########
#........##.........
#....[...##.########
#........##.#.......
#..............#
#.......####.###
#.......# #..##
#.......# ##.@#
#.......# ##g#


P.PPP.. #%# ..P.PP. #...Sg.# PP.PP.. #.l...... #.####... #.# ## #.# ..# You
could see a hobgoblin and a frilled lizard.

Vanquished Creatures
  A hobgoblin (D:1)
  A ball python (D:1)
  A bat (D:1)
  A rat (D:1)
4 creatures vanquished.

Notes
Turn   | Place    | Note
-------+----------+-------------------------------------------
     0 | D:1      | qw the Ogre Enchanter began the quest for the Orb.
     0 | D:1      | Reached XP level 1. HP: 16/16 MP: 3/3
     0 | D:1      | 0 ||| qw: Version: 0.1-a-103-gd6f5d3a
     0 | D:1      | 0 ||| qw: Game counter: 5555
     0 | D:1      | 0 ||| qw: Always use a shield: true
     0 | D:1      | 0 ||| qw: God list: Okawaru
     0 | D:1      | 0 ||| qw: Allow faded altars: false
     0 | D:1      | 0 ||| qw: Do Orc after D:15 true
     0 | D:1      | 0 ||| qw: Do second Lair branch before Depths: true
     0 | D:1      | 0 ||| qw: Lair rune preference: random
     0 | D:1      | 0 ||| qw: Plans: Normal
     0 | D:1      | 0 ||| PLANNING D:1-11
   178 | D:1      | 178 ||| Stepping ~*~*~tactically~*~*~ (stealth).
   187 | D:1      | Reached skill level 1 in Axes
   187 | D:1      | 187 ||| Stepping ~*~*~tactically~*~*~ (stealth).
   187 | D:1      | HP: 2/16 [hobgoblin (4)]
   189 | D:1      | Slain by a hobgoblin

Levels and vault maps discovered:
D:1:      dpeg_arrival_pond, layout_basic,
          shapermc_ecumenical_altar_mp_ritualfount, minmay_misc_feat_iff,
          hex_tiny

Skill      XL: |  1 |
---------------+----+-----
Axes           | 1 |  1.0
Short Blades   | |  0.8
Dodging        | |  1.7
Stealth        | |  2.1
Spellcasting   | |  2.4
Hexes          | |  2.6

Action                   || total
-------------------------++-------
Melee: Dagger            ||    20
Armor: Robe              ||     2
Dodge: Dodged            ||     6

Table legend:
 A = Non-vault XP
 B = Vault XP
 C = Vault XP percentage of total XP
 D = Non-vault monster count
 E = Vault monster count
 F = Vault count percentage of total count
                 A         B        C        D         E       F
            +---------+---------+-------+---------+---------+-------
      Total |       5 |       0 |   0.0 |       4 |       0 |   0.0
            +---------+---------+-------+---------+---------+-------
        D:1 |       5 |       0 |   0.0 |       4 |       0 |   0.0
            +---------+---------+-------+---------+---------+-------
